 Dungeon Crawl Stone Soup version 0.25-a0-774-g40ae2d4f90 (webtiles) character file.

Game seed: 15397929589627843433, levelgen mode: deterministic

170 BowlsofSteal the Grave Robber (level 5, 0/28 HPs)
             Began as a Vampire Necromancer on Apr 14, 2020.
             Was a Follower of Cheibriados.
             Killed from afar by omer1ben's ghost (7 damage)
             ... with a magic dart
             ... on level 3 of the Dungeon.
             The game lasted 00:16:23 (2199 turns).

BowlsofSteal the Grave Robber (Vampire Necromancer) Turns: 2199, Time: 00:16:24

Health: 0/28       AC:  9    Str:  9    XL:     5   Next: 26%
Magic:  9/9        EV: 14    Int: 21    God:    Cheibriados [*.....]
Gold:   148        SH:  0    Dex: 16    Spells: 1/10 levels left

rFire    + . .     SeeInvis +   q - +1 short sword (flame)
rCold    + . .     Gourm    .   (no shield)
rNeg     + + +     Faith    .   k - +3 ring mail
rPois    ∞         Spirit   .   p - +0 helmet
rElec    .         Reflect  .   (no cloak)
rCorr    .         Harm     .   (no gloves)
MR       .....                  (no boots)
Stlth    ++++......             (no amulet)
HPRegen  0.00/turn              t - +3 ring of evasion
MPRegen  0.11/turn              u - ring of fire

@: bloodless, very slow
A: no food, fangs 3, see invisible, unbreathing
a: Bat Form, Revivify, Bend Time, Renounce Religion


You were on level 3 of the Dungeon.
You worshipped Cheibriados.
Cheibriados was aware of your devotion.
You were bloodless.

You visited 1 branch of the dungeon, and saw 3 of its levels.

You collected 148 gold pieces.

Inventory:

Hand Weapons
 d - a +0 whip
 j - a +0 whip
 m - a +0 short sword
 o - a +0 short sword
 q - a +1 short sword of flaming (weapon)
Armour
 a - a +0 robe
 k - a +3 ring mail (worn)
 p - a +0 helmet (worn)
 r - a +0 robe
Jewellery
 t - a +3 ring of evasion (left hand)
 u - a ring of fire (right hand)
Scrolls
 e - 4 scrolls of remove curse {unknown}
 h - 3 scrolls of identify {unknown}
 i - 2 scrolls of amnesia {unknown}
 n - 2 scrolls of enchant armour {unknown}
 s - a scroll of random uselessness {unknown}
Potions
 b - a potion of mutation {unknown}
 c - a potion of haste
 g - a potion of degeneration {unknown}
 l - a potion of curing {unknown}
Comestibles
 f - 5 rations


   Skills:
 + Level 0.5 Fighting
 + Level 1.5 Short Blades
 + Level 0.5 Maces & Flails
 + Level 0.7 Armour
 + Level 2.6 Dodging
 + Level 3.5 Stealth
 + Level 3.1 Spellcasting
 + Level 5.4 Necromancy


You had one spell level left.
You knew the following spells:

 Your Spells              Type           Power        Failure   Level  Hunger
a - Pain                  Necr           ####         3%          1    N/A
b - Animate Skeleton      Necr           N/A          3%          1    N/A
c - Vampiric Draining     Necr           ####......   12%         3    N/A
d - Animate Dead          Necr           N/A          36%         4    N/A

Your spell library contained the following spells:

 Spells                   Type           Power        Failure   Level  Hunger
 Agony                    Necr           ####....     71%         5    N/A

Dungeon Overview and Level Annotations

Branches:
Dungeon (3/15)

Altars:
Cheibriados
Okawaru
Trog
Wu Jian

Annotations:
D:3 omer1ben's ghost, amateur OpFE


Innate Abilities, Weirdness & Mutations

You do not eat.
You do not regenerate when monsters are visible.
You are frail without blood (-20% HP).
You can heal yourself when you bite living creatures.
You are immune to poison.
You have razor-sharp teeth.
You have supernaturally acute eyesight. (SInv)
You can survive without breathing.


Message History

Omer1ben's ghost hits you.
You miss omer1ben's ghost.
Omer1ben's ghost is severely damaged.
Omer1ben's ghost hits you but does no damage.
You closely miss omer1ben's ghost.
Omer1ben's ghost is severely damaged.
Omer1ben's ghost hits you.
Your ring mail prevents you from hitting omer1ben's ghost.
Omer1ben's ghost is severely damaged.
Omer1ben's ghost closely misses you.
You miss omer1ben's ghost.
Omer1ben's ghost is severely damaged.
Omer1ben's ghost hits you.
* * * LOW HITPOINT WARNING * * *
You hit omer1ben's ghost. You burn omer1ben's ghost.
Omer1ben's ghost is almost destroyed.
Omer1ben's ghost whispers, "It is all a dream - a grotesque and foolish dream."
Omer1ben's ghost stares at you and mumbles some strange words.
The magic dart hits you!
You die...

#......## #...##....)..##.####.
#.##...# ##.##.........#..#
#.##...# #..#..........##.# #
#.>..#.# #.##....####...#...
###.##.#####.#...###(.##..##.#
##..#..#....#..##.....##..#.##
##...##...#..#..#.......#..#..#
#..#......#.##..#......##..#...#
##.####.#....#..@W....###..##.#.#
#.....>.###..##............# # .
#...##### #..###..####...## ..###
######...####..#####.. #.###
#.................%...
....####................###..
#<#..........................
#.................#########..
########..........###...#


You could see omer1ben's ghost.

Vanquished Creatures
  Natasha (thrice) (D:2)
  2 adders (D:2)
  A howler monkey simulacrum (D:3)
  2 worker ant simulacra (D:3)
  A worm (D:2)
  2 dart slugs (D:1)
  2 adder simulacra (D:3)
  4 bats
  3 giant cockroaches
  6 goblins
  6 hobgoblins
  A quokka (D:2)
  4 frilled lizards
  8 kobolds
  2 leopard gecko simulacra (D:3)
  7 rats
54 creatures vanquished.

Vanquished Creatures (collateral kills)
  4 hobgoblins
  A kobold (D:1)
  A rat (D:2)
6 creatures vanquished.

Grand Total: 60 creatures vanquished

Notes
Turn   | Place    | Note
-------+----------+-------------------------------------------
     0 | D:1      | BowlsofSteal the Vampire Necromancer began the quest for
                  | the Orb.
     0 | D:1      | Reached XP level 1. HP: 13/13 MP: 3/3
    47 | D:1      | Learned a level 1 spell: Animate Skeleton
   136 | D:1      | Reached XP level 2. HP: 12/19 MP: 5/5
   928 | D:2      | Reached skill level 5 in Necromancy
   928 | D:2      | Reached XP level 3. HP: 20/24 MP: 1/6
   942 | D:2      | Learned a level 3 spell: Vampiric Draining
  1133 | D:2      | Found an iron altar of Okawaru.
  1133 | D:2      | Found a bloodstained altar of Trog.
  1134 | D:2      | Found an ornate altar of the Wu Jian Council.
  1191 | D:2      | Found a snail-covered altar of Cheibriados.
  1254 | D:2      | Became a worshipper of Cheibriados the Contemplative
  1408 | D:2      | Noticed Natasha
  1420 | D:2      | Killed Natasha
  1420 | D:2      | Reached XP level 4. HP: 20/31 MP: 3/8
  1739 | D:2      | Noticed Natasha
  1759 | D:2      | Killed Natasha
  1810 | D:2      | Noticed Natasha
  1818 | D:2      | Killed Natasha
  1818 | D:2      | Reached skill level 1 in Short Blades
  1818 | D:2      | Reached XP level 5. HP: 25/28 MP: 7/9
  1960 | D:3      | Learned a level 4 spell: Animate Dead
  1980 | D:3      | Noticed omer1ben's ghost (amateur OpFE)
  2050 | D:3      | Found a runed translucent gate.
  2051 | D:3      | Found a runed translucent gate.
  2052 | D:3      | Found a runed translucent gate.
  2105 | D:3      | Reached * piety under Cheibriados
  2199 | D:3      | Killed from afar by omer1ben's ghost

Levels and vault maps discovered:
D:1:      psy_arrival_dodecagon, layout_loops_ring, hangedman_decor_growths,
          hangedman_decor_points, nrook_mini_vaults
D:2:      layout_basic, nicolae_overflow_quartered_altars,
          small_statue_intersection, hangedman_decor_push, uniq_natasha
D:3:      layout_rooms, gammafunk_ghost_icy, first_ration, uniq_terence

Skill      XL: |  1  2  3  4 |
---------------+-------------+-----
Necromancy     | 5 |  5.4
Short Blades   | 1 |  1.5
Spellcasting   | 3 |  3.1
Fighting       | |  0.5
Maces & Flails | |  0.5
Armour         | |  0.7
Dodging        | |  2.6
Stealth        | |  3.5

Action                   |  1- 3 |  4- 6 || total
-------------------------+-------+-------++-------
Melee: Whip              |    71 |       ||    71
       Bite              |     8 |     5 ||    13
       Short sword       |    57 |    56 ||   113
 Cast: Animate Skeleton  |    15 |     5 ||    20
       Pain              |    19 |     7 ||    26
       Vampiric Draining |     3 |       ||     3
 Abil: Exsanguinate      |       |     1 ||     1
 Stab: Distracted        |     1 |       ||     1
       Sleeping          |       |     3 ||     3
Armor: Robe              |    14 |       ||    14
       Ring mail         |    44 |    15 ||    59
Dodge: Dodged            |   110 |    35 ||   145

Table legend:
 A = Non-vault XP
 B = Vault XP
 C = Vault XP percentage of total XP
 D = Non-vault monster count
 E = Vault monster count
 F = Vault count percentage of total count
                 A         B        C        D         E       F
            +---------+---------+-------+---------+---------+-------
      Total |     173 |      71 |  29.1 |      52 |       8 |  13.3
            +---------+---------+-------+---------+---------+-------
        D:1 |      34 |       0 |   0.0 |      20 |       0 |   0.0
        D:2 |     136 |      35 |  20.5 |      30 |       1 |   3.2
        D:3 |       3 |      36 |  92.3 |       2 |       7 |  77.8
            +---------+---------+-------+---------+---------+-------
